 Dungeon Crawl Stone Soup version 0.26-a0-712-ga5a9c9c9d0 (webtiles) character file.

Game seed: 13556045684367710108

234 Gargoyl the Skirmisher (level 6, -8/53 HPs)
             Began as a Gnoll Abyssal Knight on Nov 1, 2020.
             Was a Believer of Lugonu.
             Mangled by an ogre
             ... wielding a +0 giant club
              (19 damage)
             ... on level 4 of the Dungeon.
             The game lasted 00:04:27 (2936 turns).

Gargoyl the Skirmisher (Gnoll Abyssal Knight)       Turns: 2936, Time: 00:04:27

Health: -8/53      AC:  9    Str: 17    XL:     6   Next: 5%
Magic:  9/9        EV:  8    Int: 14    God:    Lugonu [**....]
Gold:   1312       SH:  0    Dex: 14    Spells: 8/8 levels left

rFire    . . .     SeeInvis .   m - +2 war axe
rCold    . . .     Faith    .   (no shield)
rNeg     . . .     Spirit   .   c - +0 chain mail
rPois    .         Reflect  .   (no helmet)
rElec    .         Harm     .   (no cloak)
rCorr    +         Rampage  .   (no gloves)
MR       +....                  (no boots)
Stlth    ..........             (no amulet)
HPRegen  0.17/turn              f - ring of resist corrosion
MPRegen  0.11/turn              h - ring of protection from magic

@: no status effects
A: distributed training, fangs 1, strong nose
a: Depart the Abyss, Bend Space, Renounce Religion


You were on level 4 of the Dungeon.
You worshipped Lugonu.
Lugonu was pleased with you.
You visited 1 branch of the dungeon, and saw 4 of its levels.
You visited the Abyss 1 time.

You collected 1312 gold pieces.

Inventory:

Hand Weapons
 a - a +1 hand axe
 m - a +2 war axe (weapon)
Armour
 c - a +0 chain mail (worn)
Jewellery
 f - a ring of resist corrosion (left hand)
 h - a ring of protection from magic (right hand)
Wands
 o - a wand of flame (10)
Scrolls
 d - a scroll of fog
 g - a scroll of teleportation
 l - a scroll of remove curse
Potions
 b - a potion of haste
 e - a potion of brilliance {unknown}
 i - a potion of lignification {unknown}
 j - a potion of stabbing {unknown}
 k - a potion of degeneration {unknown}
 n - a potion of curing


   Skills:
 + Level 6.7 Fighting
 + Level 1.7 Short Blades
 + Level 1.7 Long Blades
 + Level 4.9 Axes
 + Level 1.7 Maces & Flails
 + Level 1.7 Polearms
 + Level 1.7 Staves
 + Level 1.7 Slings
 + Level 1.7 Bows
 + Level 1.7 Crossbows
 + Level 1.7 Throwing
 + Level 4.9 Armour
 + Level 3.1 Dodging
 + Level 1.7 Stealth
 + Level 1.7 Shields
 + Level 1.7 Unarmed Combat
 + Level 1.7 Spellcasting
 + Level 1.3 Conjurations
 + Level 1.3 Hexes
 + Level 1.3 Summonings
 + Level 1.3 Necromancy
 + Level 1.3 Translocations
 + Level 1.3 Transmutations
 + Level 1.3 Fire Magic
 + Level 1.3 Ice Magic
 + Level 1.3 Air Magic
 + Level 1.3 Earth Magic
 + Level 1.3 Poison Magic
 + Level 5.0 Invocations
 + Level 1.7 Evocations


You had 8 spell levels left.
You didn't know any spells.
Your spell library was empty.

Dungeon Overview and Level Annotations

Branches:
Dungeon (4/15)             Temple (0/1) D:4

Altars:
Gozag


Innate Abilities, Weirdness & Mutations

Your experience applies equally to all skills.
You have very sharp teeth.
Your uncanny sense of smell can sniff out nearby items.


Message History

Aiming: Throw Flame
Press: ? - help, Shift-Dir - straight line, f/p - ogre
Aim: an ogre, wielding a +0 giant club (moderately wounded)
The puff of flame hits the ogre!
The ogre is severely wounded.
A worm comes into view.
You hit the ogre but do no damage. You bite the ogre.
The ogre is severely wounded.
The ogre hits you with a +0 giant club!
You hit the ogre. You bite the ogre.
The ogre is almost dead.
The ogre hits you with a +0 giant club!
Your chain mail prevents you from hitting the ogre.
The ogre is almost dead.
The ogre hits you with a +0 giant club!!
* * * LOW HITPOINT WARNING * * *
You hit the ogre but do no damage.
The ogre is almost dead.
The ogre hits you with a +0 giant club!!
You die...

........##
....?....##
..w.......##
...........##
............#
...)........#
......O....#
.......@..# #
.........##
.........##
#......#..#
##.#..###.###
##.## #...#
##.## ##..#
#.###...#
#..#..#..#


You could see an ogre and a worm.

Vanquished Creatures
  A howler monkey (D:3)
  An iguana (D:4)
  A gnoll (D:1)
  6 adders
  An ooze (D:4)
  3 worms
  A dart slug (D:1)
  7 orcs
  5 bats
  2 giant cockroaches (D:3)
  11 goblins
  9 hobgoblins
  9 jackals
  9 kobolds
  A quokka (D:3)
  5 frilled lizards
  9 rats
81 creatures vanquished.

Vanquished Creatures (others)
  2 plants (D:3)
2 creatures vanquished.

Grand Total: 83 creatures vanquished

Notes
Turn   | Place    | Note
-------+----------+-------------------------------------------
     0 | Abyss:1  | Gargoyl the Gnoll Abyssal Knight began the quest for the
                  | Orb.
     0 | Abyss:1  | Reached XP level 1. HP: 23/23 MP: 3/3
    71 | Abyss:2  | Identified a scroll of acquirement
    71 | Abyss:2  | Acquired 1184 gold pieces
    73 | Abyss:2  | Noticed a thrashing horror
    73 | Abyss:2  | Noticed a thrashing horror
    74 | D:1      | Escaped the Abyss
   132 | D:1      | Reached * piety under Lugonu
   136 | D:1      | Reached XP level 2. HP: 28/29 MP: 5/5
   375 | D:1      | Reached XP level 3. HP: 35/35 MP: 6/6
   985 | D:2      | Reached skill level 1 in Short Blades
   985 | D:2      | Reached skill level 1 in Long Blades
   985 | D:2      | Reached skill level 1 in Maces & Flails
   985 | D:2      | Reached skill level 1 in Polearms
   985 | D:2      | Reached skill level 1 in Staves
   985 | D:2      | Reached skill level 1 in Slings
   985 | D:2      | Reached skill level 1 in Bows
   985 | D:2      | Reached skill level 1 in Crossbows
   985 | D:2      | Reached skill level 1 in Throwing
   985 | D:2      | Reached skill level 1 in Stealth
   985 | D:2      | Reached skill level 1 in Shields
   985 | D:2      | Reached skill level 1 in Unarmed Combat
   985 | D:2      | Reached skill level 1 in Spellcasting
   985 | D:2      | Reached skill level 1 in Evocations
   985 | D:2      | Reached XP level 4. HP: 41/41 MP: 7/7
  1209 | D:2      | Reached ** piety under Lugonu
  1657 | D:3      | Reached skill level 1 in Conjurations
  1657 | D:3      | Reached skill level 1 in Hexes
  1657 | D:3      | Reached skill level 1 in Summonings
  1657 | D:3      | Reached skill level 1 in Necromancy
  1657 | D:3      | Reached skill level 1 in Translocations
  1657 | D:3      | Reached skill level 1 in Transmutations
  1657 | D:3      | Reached skill level 1 in Fire Magic
  1657 | D:3      | Reached skill level 1 in Ice Magic
  1657 | D:3      | Reached skill level 1 in Air Magic
  1657 | D:3      | Reached skill level 1 in Earth Magic
  1657 | D:3      | Reached skill level 1 in Poison Magic
  2028 | D:3      | Reached XP level 5. HP: 38/47 MP: 8/8
  2602 | D:4      | Found an opulent altar of Gozag.
  2793 | D:4      | Found a staircase to the Ecumenical Temple.
  2798 | D:4      | Reached skill level 5 in Invocations
  2798 | D:4      | Reached XP level 6. HP: 32/53 MP: 9/9
  2936 | D:4      | Mangled by an ogre

Illustrated notes

Levels and vault maps discovered:
D:1:      eino_arrival_tree_alley, layout_loops_ring
D:2:      layout_basic
D:3:      layout_loops_ring, corexii_shack
D:4:      layout_cave_pods, nicolae_gozag_seed_capital,
          minmay_temple_entry_arrows

Skill      XL: |  1  2  3  4  5 |
---------------+----------------+-----
Short Blades   | 1 |  1.7
Long Blades    | 1 |  1.7
Maces & Flails | 1 |  1.7
Polearms       | 1 |  1.7
Staves         | 1 |  1.7
Slings         | 1 |  1.7
Bows           | 1 |  1.7
Crossbows      | 1 |  1.7
Throwing       | 1 |  1.7
Stealth        | 1 |  1.7
Shields        | 1 |  1.7
Unarmed Combat | 1 |  1.7
Spellcasting   | 1 |  1.7
Evocations     | 1 |  1.7
Conjurations   | 1 |  1.3
Hexes          | 1 |  1.3
Summonings     | 1 |  1.3
Necromancy     | 1 |  1.3
Translocations | 1 |  1.3
Transmutations | 1 |  1.3
Fire Magic     | 1 |  1.3
Ice Magic      | 1 |  1.3
Air Magic      | 1 |  1.3
Earth Magic    | 1 |  1.3
Poison Magic   | 1 |  1.3
Dodging        | 3 |  3.1
Invocations    | 5 |  5.0
Fighting       | |  6.7
Axes           | |  4.9
Armour         | |  4.9

Action                   |  1- 3 |  4- 6 || total
-------------------------+-------+-------++-------
Melee: Hand axe          |    76 |    38 ||   114
       Bite              |     8 |    16 ||    24
       War axe           |       |   106 ||   106
Invok: Depart the Abyss  |     1 |       ||     1
Evoke: Wand              |       |     3 ||     3
  Use: Scroll            |     1 |    11 ||    12
Armor: Chain mail        |    66 |    78 ||   144
Dodge: Dodged            |    56 |    81 ||   137

Table legend: (Time is in decaauts)
 A = Elapsed time spent in this place.
 B = Non-inter-level travel time spent in this place.
 C = Inter-level travel time spent in this place.
 D = Time resting spent in this place.
 E = Time spent auto-exploring this place.
 F = Levels seen in this place.
 G = Mean time per level.
                   A        B        C        D        E       F      G
               +--------+--------+--------+--------+--------+-----+--------+
         Total |   2967 |   2932 |     35 |    225 |   2052 |   6 |  494.5 |
       Dungeon |   2893 |   2858 |     35 |    225 |   2007 |   4 |  723.2 |
         Abyss |     73 |     73 |      0 |      0 |     45 |   2 |   36.5 |
               +--------+--------+--------+--------+--------+-----+--------+

Top non-repeatable levels by time:
     D:3: 916 daAuts
     D:1: 786 daAuts
     D:2: 786 daAuts
     D:4: 404 daAuts
 Abyss:1: 49 daAuts
 Abyss:2: 24 daAuts
